 Dungeon Crawl Stone Soup version 0.28.0-43-g3370ac3207 (webtiles) character file.

Game seed: 14004586231974334446

17647 pkoi the Zephyrmancer (level 12, -1/51 HPs)
             Began as a Spriggan Air Elementalist on Mar 6, 2022.
             Was a Priest of Sif Muna.
             Slain by a catoblepas (13 damage)
             ... while petrified by a catoblepas
             ... on level 3 of the Lair of Beasts on Mar 7, 2022.
             The game lasted 00:27:55 (19424 turns).

pkoi the Zephyrmancer (Spriggan Air Elementalist)  Turns: 19424, Time: 00:27:55

Health: -1/51      AC:  5    Str:  4    XL:     12   Next: 20%
Magic:  25/27      EV:  4    Int: 25    God:    Sif Muna [***...]
Gold:   616        SH:  0    Dex: 15    Spells: 20/32 levels left

rFire   . . .      SeeInvis +   F - +7 hunting sling "Grim" {flame, rPois Int+3}
rCold   . . .      Faith    .   (no shield)
rNeg    + + +      Spirit   .   y - +0 steam dragon scales
rPois   ∞          Reflect  .   (helmet restricted)
rElec   .          Harm     .   (no cloak)
rCorr   .          Rampage  .   (gloves unavailable)
Will    ++...                   (boots unavailable)
Stlth   +++++.....              r - amulet of magic regeneration
HPRegen 0.17/turn               i - ring of positive energy
MPRegen 0.60/turn               z - ring of flight

@: petrified, flying, very quick
A: very small, no large weapons, unfitting armour, see invisible, speed 3
a: Renounce Religion, Channel Magic, Forget Spell


You were on level 3 of the Lair of Beasts.
You worshipped Sif Muna.
Sif Muna was most pleased with you.
You visited 3 branches of the dungeon, and saw 15 of its levels.
You also visited: Sewer.

You collected 872 gold pieces.
You spent 256 gold pieces at shops.

Inventory:

Hand Weapons
 b - a +0 hand axe
 e - a +0 dagger
 g - a +4 dagger of venom
 E - the +4 dagger "Ibromot" {pain, Str+5}
   (You bought it in a shop on level 7 of the Dungeon)

   In the hands of one skilled in necromantic magic, it inflicts extra damage on
   living creatures.
   Str:       It affects your strength (+5).
 F - the +7 hunting sling "Grim" (weapon) {flame, rPois Int+3}
   (You bought it in a shop on level 7 of the Dungeon)

   Any ammunition fired from it burns those it strikes, dealing additional fire
   damage.
   Int:       It affects your intelligence (+3).
   rPois:     It protects you from poison.
Missiles
 G - 68 sling bullets (quivered ammo)
Armour
 a - a +1 robe
 p - an orb of wrath
 y - +0 steam dragon scales (worn)
Magical Staves
 u - a staff of poison
Jewellery
 h - an amulet of reflection
 i - a ring of positive energy (left hand)
 q - a ring of fire
 r - an amulet of magic regeneration (around neck)
 z - a ring of flight (right hand)
 K - a ring of resist corrosion
Wands
 s - a wand of charming (15)
 H - a wand of iceblast (9)
 J - a wand of flame (8)
 M - a wand of digging (3)
 N - a wand of acid (1)
Scrolls
 c - 2 scrolls of identify
 d - 5 scrolls of amnesia
 m - 6 scrolls of teleportation
 t - 3 scrolls of enchant armour
 w - a scroll of fear
 A - 2 scrolls of brand weapon
 C - a scroll of silence
 D - a scroll of magic mapping
 I - a scroll of enchant weapon
 L - 2 scrolls of fog
Potions
 f - 8 potions of haste
 j - 3 potions of invisibility
 k - 6 potions of curing
 l - 4 potions of might
 n - 2 potions of heal wounds
 o - 3 potions of lignification
 v - 2 potions of magic
 x - 2 potions of ambrosia
 B - 2 potions of flight


   Skills:
 - Level 9.0 Dodging
 + Level 10.9 Stealth
 + Level 10.6 Spellcasting
 - Level 0.6 Conjurations
 + Level 4.7 Hexes
 - Level 9.0 Translocations
 + Level 3.1 Ice Magic
 + Level 12.4 Air Magic
 - Level 1.0 Invocations


You had 20 spell levels left.
You knew the following spells:

 Your Spells              Type           Power      Damage    Failure   Level
a - Shock                 Conj/Air       100%       1d9       1%          1
b - Airstrike             Air            33%        N/A       1%          4
c - Apportation           Tloc           100%       N/A       1%          1
d - Passage of Golubria   Tloc           55%        N/A       1%          4
e - Ensorcelled Hibernat  Hex/Ice        66%        N/A       1%          2

Your spell library contained the following spells:

 Spells                   Type           Power      Damage    Failure   Level
 Static Discharge         Conj/Air       46%        N/A       1%          2
 Swiftness                Air            66%        N/A       1%          3
 Ozocubu's Armour         Ice            29%        N/A       3%          3
 Silence                  Hex/Air        27%        N/A       3%          5
 Animate Skeleton         Necr           26%        N/A       4%          1
 Summon Small Mammal      Summ           52%        N/A       4%          1
 Passwall                 Tmut/Erth      10%        N/A       7%          2
 Conjure Flame            Conj/Fire      14%        6-21      12%         3
 Ignite Poison            Fire/Tmut/Pois 13%        N/A       14%         3
 Spider Form              Tmut/Pois      13%        N/A       14%         3
 Anguish                  Hex/Necr       12%        N/A       17%         4
 Sticky Flame             Conj/Fire      14%        2d4       38%         4
 Ozocubu's Refrigeration  Ice            14%        4d7       100%        7
 Lehudib's Crystal Spear  Conj/Erth      7%         10d3      100%        8


Dungeon Overview and Level Annotations

Branches:
Dungeon (11/15)            Temple (1/1) D:6            Lair (3/6) D:10
 Shoals (0/4) Lair:2       Spider (0/4) Lair:2          Orc (0/2) D:10
  Sewer (visited)

Altars:
Ashenzari
Cheibriados
Dithmenos
Elyvilon
Fedhas
Gozag
Hepliaklqana
Kikubaaqudgha
Makhleb
Nemelex Xobeh
Okawaru
Qazlal
Ru
Sif Muna
Trog
Uskayaw
Vehumet
Wu Jian
Xom
Yredelemnul
Zin
The Shining One

Shops:
D:7 *

Annotations:
D:7 2 transporters, Dvallin's ghost, weakling KoDe
D:8 1 runed translucent door, NiggerDarts's ghost, novice HuFi
D:11 Erolcha; Urug
Lair:1 3 runed translucent doors, Ekaitz's ghost, journeyman DsFE


Innate Abilities, Weirdness & Mutations

You are very small and have problems with some larger weapons.
You are too small for most types of armour.
You have supernaturally acute eyesight. (SInv)
You cover ground extremely quickly. (Speed+++)


Message History

The +7 hunting sling "Grim" {flame, rPois Int+3} stops flaming.
You feel stronger.
You have a feeling of ineptitude.
E - the +4 dagger "Ibromot" (weapon)
{pain, Str+5}
Okay, then.
Unknown command.
Found 12 sling bullets.
You hear the faint crackling of a very distant melting archway.
The catoblepas bellows!
The catoblepas barely misses you.
You feel clever.
The +7 hunting sling "Grim" {flame, rPois Int+3} bursts into flame!
F - the +7 hunting sling "Grim" (weapon)
{flame, rPois Int+3} The air twists around and strikes the catoblepas!
The catoblepas is lightly wounded.
The air twists around and strikes the catoblepas!
The catoblepas is moderately wounded.
The air twists around and strikes the catoblepas!
The catoblepas is heavily wounded.
The catoblepas breathes a plume of calcifying dust at you.
The blast of calcifying dust hits you!
You are engulfed in calcifying dust.
You are slowing down.
Your limbs are stiffening.
Unknown command.
You have turned to stone.
The catoblepas gores you!!
* * * LOW HITPOINT WARNING * * *
The catoblepas gores you!
* * * LOW HITPOINT WARNING * * *
The catoblepas breathes a plume of calcifying dust at you.
The blast of calcifying dust hits you but does no damage.
You are engulfed in calcifying dust.
The catoblepas gores you!!
* * * LOW HITPOINT WARNING * * *
You are engulfed in calcifying dust.
The catoblepas breathes a plume of calcifying dust at you.
The blast of calcifying dust hits you.
* * * LOW HITPOINT WARNING * * *
You are engulfed in calcifying dust.
The catoblepas gores you!!
You die...

...#.##..#.......#
.........#......##
..#.....##...(..#
#P....##......#
###..Y.###.#.##
##P§.# ##..##
##.§# ###...#
#P§###.#..#
##.§.#@...##
##..Y.....#
##.........#
##..........#
#...........##
##............##
##..............#
##........<......#
#...............##


You could see a catoblepas.

Vanquished Creatures
  3 hydras
  A death knight (D:10)
  A two-headed ogre (D:8)
  A skeletal warrior (D:10)
  A phantasmal warrior (D:9)
  A black mamba (Lair:1)
  A rime drake (Lair:1)
  3 cane toads
  Maggie (D:6)
  2 komodo dragons
  Psyche (D:10)
  A freezing wraith (D:10)
  2 trolls (D:10)
  A polar bear (Lair:1)
  A snapping turtle (Lair:2)
  2 wyverns
  2 vampires (D:10)
  24 yaks
  2 steam dragons
  3 basilisks
  4 water moccasins
  An ice beast (D:7)
  Pargi (Sewer)
  3 ogres (D:6)
  8 orc warriors
  A necrophage (D:5)
  2 centaurs
  3 wolves (Lair:1)
  A phantom (D:3)
  A kobold brigand (D:9)
  3 bullfrogs
  2 wyvern zombies
  A gnoll sergeant (D:8)
  4 scorpions
  4 wights
  3 killer bees
  4 howler monkeys
  An electric eel (Lair:1)
  7 centaur zombies
  3 hounds
  A bullfrog skeleton (D:6)
  A jelly (D:8)
  2 centaur skeletons
  3 gnoll shamans
  9 orc wizards
  9 iguanas
  A hound skeleton (D:2)
  A howler monkey zombie (D:5)
  9 gnolls
  A howler monkey skeleton (D:4)
  7 adders
  A river rat (D:3)
  3 white imps
  An ufetubus (D:6)
  An adder skeleton (D:5)
  2 worms
  2 dart slugs
  30 orcs
  7 endoplasms
  10 giant cockroaches
  7 goblins
  3 hobgoblins
  3 jackals (D:4)
  7 quokkas
  4 ball pythons
  8 bats
  3 frilled lizards
  8 kobolds
  3 rats
258 creatures vanquished.

Vanquished Creatures (others)
  5 fungi
  18 plants
23 creatures vanquished.

Grand Total: 281 creatures vanquished

Notes
Turn   | Place    | Note
-------+----------+-------------------------------------------
     0 | D:1      | pkoi the Spriggan Air Elementalist began the quest for the
                  | Orb.
     0 | D:1      | Reached XP level 1. HP: 9/9 MP: 5/5
    97 | D:1      | Reached skill level 3 in Air Magic
   375 | D:1      | Reached XP level 2. HP: 13/13 MP: 0/6
  1247 | D:2      | Reached XP level 3. HP: 16/16 MP: 4/8
  1467 | D:2      | Reached skill level 4 in Air Magic
  1699 | D:2      | Reached XP level 4. HP: 17/21 MP: 1/9
  2566 | D:3      | Found a glowing drain.
  2570 | Sewer    | Entered a sewer
  2712 | Sewer    | Noticed Pargi
  2741 | Sewer    | Killed Pargi
  2742 | Sewer    | Reached skill level 5 in Air Magic
  2742 | Sewer    | Reached XP level 5. HP: 9/24 MP: 0/10
  3933 | D:3      | Reached XP level 6. HP: 23/28 MP: 5/11
  4806 | D:3      | Reached skill level 5 in Dodging
  4977 | D:3      | Learned a level 4 spell: Airstrike
  5182 | D:5      | Entered Level 5 of the Dungeon
  5193 | D:5      | Noticed a wyvern
  5595 | D:5      | Reached skill level 6 in Air Magic
  5719 | D:5      | Reached XP level 7. HP: 15/32 MP: 10/13
  6474 | D:5      | Learned a level 1 spell: Apportation
  7108 | D:6      | Reached skill level 7 in Air Magic
  7122 | D:6      | Reached XP level 8. HP: 36/36 MP: 14/16
  7147 | D:6      | Reached skill level 5 in Spellcasting
  7343 | D:6      | Noticed Maggie
  7575 | D:6      | Reached skill level 8 in Air Magic
  7714 | D:6      | Found a staircase to the Ecumenical Temple.
  7873 | Temple   | Entered the Ecumenical Temple
  8376 | Temple   | Became a worshipper of Sif Muna the Loreminder
  8434 | D:6      | Reached skill level 9 in Air Magic
  8955 | D:7      | Found an opulent altar of Gozag.
  8993 | D:7      | Reached XP level 9. HP: 39/39 MP: 7/19
  9132 | D:7      | Found Bel Qel's Assorted Antiques.
  9170 | D:7      | Reached skill level 1 in Invocations
  9409 | D:7      | Found a transporter.
  9410 | D:7      | Found a bloodstained altar of Trog.
  9410 | D:7      | Noticed Dvallin's ghost (weakling KoDe)
  9417 | D:7      | Found a transporter.
  9421 | D:7      | Noticed a moth of wrath
  9460 | D:7      | Found a hide-covered altar of Uskayaw.
  9460 | D:7      | Found a shadowy altar of Dithmenos.
  9461 | D:7      | Found a white marble altar of Elyvilon.
 10142 | D:6      | Killed Maggie
 10487 | D:8      | Reached skill level 10 in Air Magic
 10511 | D:8      | Noticed NiggerDarts's ghost (novice HuFi)
 10512 | D:8      | Reached * piety under Sif Muna
 10618 | D:8      | Found a runed translucent door.
 10970 | D:8      | Noticed a two-headed ogre
 10979 | D:8      | Killed a two-headed ogre
 10980 | D:8      | Reached XP level 10. HP: 44/44 MP: 5/23
 11176 | D:8      | Reached skill level 5 in Stealth
 11583 | D:9      | Reached skill level 11 in Air Magic
 12072 | D:9      | Reached ** piety under Sif Muna
 12711 | D:9      | Learned a level 4 spell: Passage of Golubria
 13034 | D:7      | Bought a translucent dagger for 133 gold pieces
 13034 | D:7      | Identified the +4 dagger "Ibromot" {pain, Str+5} (You
                  | bought it in a shop on level 7 of the Dungeon)
 13034 | D:7      | Bought a steaming hunting sling for 123 gold pieces
 13034 | D:7      | Identified the +7 hunting sling "Grim" {flame, rPois Int+3}
                  | (You bought it in a shop on level 7 of the Dungeon)
 13461 | D:10     | Entered Level 10 of the Dungeon
 13519 | D:10     | Reached skill level 1 in Translocations
 14384 | D:10     | Noticed a death knight
 14437 | D:10     | Noticed Psyche
 14440 | D:10     | Killed Psyche
 14467 | D:10     | Noticed a skeletal warrior
 14472 | D:10     | Noticed a phantasmal warrior
 14944 | D:10     | Found a staircase to the Lair.
 14973 | D:10     | Found a staircase to the Orcish Mines.
 15071 | D:10     | Reached XP level 11. HP: 47/47 MP: 20/25
 15116 | D:10     | Reached skill level 5 in Translocations
 15184 | D:10     | Killed a death knight
 15419 | D:9      | Killed a phantasmal warrior
 15685 | D:9      | Learned a level 2 spell: Ensorcelled Hibernation
 15748 | D:10     | Killed a skeletal warrior
 15749 | D:10     | Reached skill level 1 in Hexes
 15749 | D:10     | Reached skill level 12 in Air Magic
 16183 | D:11     | Noticed a seven-headed hydra
 16188 | D:11     | Noticed Urug
 16188 | D:11     | Noticed Erolcha
 16190 | D:11     | Noticed a death knight
 16192 | D:11     | Killed a seven-headed hydra
 16193 | D:11     | Reached skill level 1 in Ice Magic
 16247 | Lair:1   | Entered Level 1 of the Lair of Beasts
 16845 | Lair:1   | Reached skill level 10 in Spellcasting
 16924 | Lair:1   | Reached skill level 10 in Stealth
 17042 | Lair:1   | Reached *** piety under Sif Muna
 17300 | Lair:1   | Found a runed translucent gate.
 17300 | Lair:1   | Found a runed translucent gate.
 17300 | Lair:1   | Found a runed translucent gate.
 17301 | Lair:1   | Noticed Ekaitz's ghost (journeyman DsFE)
 17343 | Lair:1   | Noticed a five-headed hydra
 17348 | Lair:1   | Killed a five-headed hydra
 17576 | Lair:1   | Reached XP level 12. HP: 51/51 MP: 5/27
 18268 | Lair:2   | Found a hole to the Spider Nest.
 18337 | Lair:2   | Found a staircase to the Shoals.
 18552 | Lair:2   | Noticed a five-headed hydra
 18608 | Lair:2   | Killed a five-headed hydra
 19392 | Lair:3   | Noticed a catoblepas
 19424 | Lair:3   | Slain by a catoblepas

Illustrated notes

Levels and vault maps discovered:
D:1:      mainiacjoe_arrival_reflecting_pool, layout_rooms, st_stairs_13
D:2:      layout_loops_cross, minmay_vboxes
D:3:      layout_basic, gup_sewer_entry_bowl, palyth_stone_intersect
D:4:      layout_cave_pools, kennysheep_generic_room_7
D:5:      layout_gridville
D:6:      layout_basic, minmay_temple_entry_mist, serial_rivers,
          chequers_serial_rivers_small_a, chequers_serial_rivers_room_b,
          chequers_serial_rivers_micro_b, chequers_serial_rivers_micro_b,
          chequers_serial_rivers_large_b, minmay_bent, uniq_maggie
D:7:      layout_basic, grunt_gozag_breadcrumbs,
          gammafunk_temple_overflow_forgotten,
          gammafunk_ghost_wrathful_warriors, serial_shops,
          nicolae_take_the_stairs
D:8:      layout_gridville, hellmonk_ghost_happy_afterlife
D:9:      layout_loops_ring, serial_rivers, chequers_serial_rivers_micro_d,
          chequers_serial_rivers_micro_c, chequers_serial_rivers_room_a,
          chequers_serial_rivers_room_a, chequers_serial_rivers_large_a,
          chequers_serial_rivers_micro_a
D:10:     layout_cave_pools, dpeg_oklobed_lair, orc_0_dummy, nzn_life_drinkers,
          uniq_psyche
D:11:     layout_cave_pools, special_room [special_room_bee],
          minmay_fractal_squares_gapless_7, uniq_urug, uniq_erolcha,
          uniq_nergalle
Temple:   dpeg_five_rooms_temple
Lair:1:   layout_gridlike, gammafunk_ghost_necromancy
Lair:2:   layout_layer_cave, minmay_shoals_entry_hut,
          nicolae_spider_entry_non_spiders
Lair:3:   beast_lair_carwin_large_4, layout_cave_pods,
          portal_ice_cave_entry_ice_simulacra, maelrawn_ghost_gauntlet_escape,
          chequers_serial_rivers_small_b, serial_bayou_crossing

Skill      XL: |  1  2  3  4  5  6  7  8  9 10 11 12 |
---------------+-------------------------------------+-----
Air Magic      | 3 4 5 6 7 9 10 11 12 | 12.4
Dodging        | 3 4 5 6 7 9 |  9.0
Spellcasting   | 3 4 6 8 9 10 | 10.6
Stealth        | 4 8 10 | 10.9
Invocations    | 1 |  1.0
Translocations | 4 8 9 |  9.0
Hexes          | 4 |  4.7
Ice Magic      | 2 3 |  3.1
Conjurations   | |  0.6

Action                   |  1- 3 |  4- 6 |  7- 9 | 10-12 || total
-------------------------+-------+-------+-------+-------++-------
Melee: Hand axe          |     1 |       |       |       ||     1
       Unarmed           |     1 |       |       |       ||     1
       Dagger            |     2 |    45 |    25 |     7 ||    79
       Punch             |       |     3 |     2 |     1 ||     6
 Fire: Hunting sling     |       |       |       |     4 ||     4
 Cast: Shock             |    81 |   142 |   148 |       ||   371
       Airstrike         |       |       |    68 |   317 ||   385
  Use: Scroll            |     2 |     7 |     5 |     9 ||    23
 Stab: Sleeping          |       |     3 |     2 |       ||     5
       Distracted        |       |       |     1 |       ||     1
Armor: Robe              |     3 |     8 |     6 |       ||    17
       Steam dragon scal |       |       |       |     8 ||     8
Dodge: Dodged            |    13 |    67 |    81 |    58 ||   219
